 Dungeon Crawl Stone Soup version 0.28-a0-891-g61c8851 (webtiles) character file.

Game seed: 6195565726716797395

12775 PublicAnimeNo1 the Destroyer (level 11, -15/103 HPs)
             Began as a Pale Draconian Conjurer on Nov 21, 2021.
             Was a Believer of Vehumet.
             Shot with an arrow by a centaur warrior (17 damage)
             ... on level 14 of the Dungeon.
             The game lasted 00:28:14 (15242 turns).

PublicAnimeNo1 the Destroyer (DrCj)                Turns: 15242, Time: 00:28:14

Health: -15/103    AC: 11    Str: 10    XL:     11   Next: 66%
Magic:  20/20      EV: 13    Int: 21    God:    Vehumet [**....]
Gold:   568        SH:  0    Dex: 10    Spells: 10/26 levels left

rFire   . . .      SeeInvis .   b - staff of conjuration
rCold   . . .      Faith    .   (no shield)
rNeg    . . .      Spirit   .   (armour unavailable)
rPois   .          Reflect  .   F - +2 hat {Will+}
rElec   .          Harm     .   (no cloak)
rCorr   +          Rampage  .   h - +1 pair of gloves
Will    +....                   (no boots)
Stlth   +++.......              v - amulet of the acrobat
HPRegen 0.27/turn               c - ring of resist corrosion
MPRegen 0.17/turn               (no ring)

@: no status effects
A: breathe steam, AC +7, unfitting armour, cold-blooded, steam resistance, low
mp 1, robust 1
a: Breathe Steam, Renounce Religion


You were on level 14 of the Dungeon.
You worshipped Vehumet.
Vehumet was pleased with you.
You visited 2 branches of the dungeon, and saw 15 of its levels.
You also visited: Sewer.

You collected 568 gold pieces.

Inventory:

Hand Weapons
 a - a +0 whip of electrocution
Missiles
 B - a throwing net
Armour
 h - a +1 pair of gloves (worn)
 F - a +2 hat of willpower (worn)
Magical Staves
 b - a staff of conjuration (weapon)
Jewellery
 c - a ring of resist corrosion (left hand)
 v - an amulet of the acrobat (around neck)
Wands
 d - a wand of flame (12)
 r - a wand of paralysis (9)
 t - a wand of iceblast (4)
 y - a wand of charming (5)
Scrolls
 j - 2 scrolls of blinking
 l - a scroll of enchant armour
 m - 2 scrolls of fear
 n - a scroll of vulnerability
 E - a scroll of teleportation
 H - a scroll of magic mapping
Potions
 e - a potion of brilliance
 g - 3 potions of attraction
 i - 2 potions of invisibility
 p - 6 potions of curing
 s - a potion of berserk rage {unknown}
 u - a potion of heal wounds {unknown}
 w - 2 potions of flight
 z - a potion of lignification {unknown}
 A - 2 potions of might
 C - a potion of ambrosia {unknown}


   Skills:
 + Level 7.9 Fighting
 + Level 6.4 Dodging
 - Level 5.0 Stealth
 + Level 8.2 Spellcasting
 + Level 11.2 Conjurations
 - Level 2.8 Translocations
 + Level 4.8 Air Magic
 - Level 5.0 Evocations


You had 10 spell levels left.
You knew the following spells:

 Your Spells              Type           Power      Damage    Failure   Level
a - Magic Dart            Conj           100%       1d8       1%          1
b - Searing Ray           Conj           100%       2d8       1%          2
c - Blink                 Tloc           40%        N/A       3%          2
d - Iskenderun's Mystic   Conj/Tloc      55%        2d12      4%          4
e - Lightning Bolt        Conj/Air       29%        1d46      8%          5
f - Poisonous Vapours     Pois/Air       36%        N/A       4%          2

Your spell library contained the following spells:

 Spells                   Type           Power      Damage    Failure   Level
 Conjure Flame            Conj/Fire      48%        6-21      2%          3
 Static Discharge         Conj/Air       59%        N/A       1%          2
 Dazzling Flash           Conj/Hex       96%        N/A       2%          3
 Stone Arrow              Conj/Erth      96%        3d13      2%          3
 Freeze                   Ice            32%        1d5       8%          1
 Sandblast                Erth           16%        2d6       8%          1
 Gell's Gravitas          Tloc           20%        N/A       8%          3
 Lesser Beckoning         Tloc           20%        N/A       8%          3
 Teleport Other           Tloc           20%        N/A       8%          3
 Fulminant Prism          Conj/Hex       24%        3d13      8%          4
 Hailstorm                Conj/Ice       48%        3d11      8%          4
 Passwall                 Tmut/Erth      6%         N/A       12%         2
 Frozen Ramparts          Ice            16%        1d3       24%         3
 Summon Lightning Spire   Summ/Air       18%        N/A       28%         4
 Manifold Assault         Tloc           20%        N/A       56%         5
 Storm Form               Tmut/Air       9%         N/A       100%        7
 Maxwell's Capacitive Co  Air            14%        ∞         100%        8


Dungeon Overview and Level Annotations

Branches:
Dungeon (14/15)            Temple (1/1) D:5            Lair (0/6) D:8
  Sewer (visited)
    Orc: D:9-12      Vaults: D:13-14

Altars:
Ashenzari
Cheibriados
Dithmenos
Elyvilon
Fedhas
Gozag
Hepliaklqana
Kikubaaqudgha
Makhleb
Nemelex Xobeh
Okawaru
Qazlal
Ru
Sif Muna
Trog
Uskayaw
Vehumet
Wu Jian
Xom
Yredelemnul
Zin
The Shining One
Beogh

Annotations:
D:2 1 runed translucent door, Crazy Yiuf
D:14 exclusion: cyclops


Innate Abilities, Weirdness & Mutations

You can breathe blasts of scalding, opaque steam.
Your pale cyan-grey scales are hard. (AC +7)
You cannot fit into any form of body armour.
You are cold-blooded and may be slowed by cold attacks.
You are immune to the effects of steam.
Your magical capacity is low. (-10% MP)
You are robust. (+10% HP)


Message History

Where to? (Enter - D:13 @ (x,y), ? - help) Sorry, I don't know how to get there.
Found a scale mail.
You now have 568 gold pieces (gained 9).
A centaur warrior comes into view.
The centaur warrior shouts!
The centaur warrior wields a +0 longbow.
The centaur warrior shoots an arrow.
The arrow hits you!
The centaur warrior shoots an arrow.
The arrow hits you!!
Press: ? - help, Shift-Dir - straight line You exhale a blast of scalding steam.
The centaur warrior shoots an arrow.
The arrow hits you!!
The centaur warrior shoots an arrow.
The arrow hits you.
The centaur warrior shoots an arrow.
The arrow hits you!!
* * * LOW HITPOINT WARNING * * *
The centaur warrior unwields a +0 longbow.
The centaur warrior closely misses you. x2
Okay, then.
Aiming: Paralyse
Press: ? - help, Shift-Dir - straight line, f - centaur warrior
Aim: a centaur warrior, quivering arrows (lightly wounded, chance to affect: 43%)
The centaur warrior resists with some effort.
The centaur warrior barely misses you. x2; The centaur warrior hits you!
* * * LOW HITPOINT WARNING * * *
The centaur warrior kicks you but does no damage.
Okay, then.
Blink to where?
Press: ? - help, Dir - move target, p - centaur warrior
As you read the scroll of blinking, it crumbles to dust.
You have got your breath back.
Okay, then.
It was a potion of cancellation.
You feel magically purged.
The centaur warrior wields a +0 longbow.
The centaur warrior shoots an arrow.
The arrow hits you.
* * * LOW HITPOINT WARNING * * *
It was a potion of mutation.
You feel extremely strange.
You feel robust.
You feel less energetic.
The centaur warrior shoots an arrow.
The arrow completely misses you.
The centaur warrior shoots an arrow.
The arrow hits you!
You die...

........#..... .. ..
.......!#...########
#..
........#.C.#......#
#..
........##+##......#
##.
..........c........#
.
......(............#
.##.##.##......#.#.##
#. #. #...(..#.#..# #
#. #....#@#[#..# #.
#....#.#.#.## #.
#..?.#.#.#.# ..
#....#.#.#.# ##
#....#.#.#.#
.....#.#.#.#
......#.#.#.# #.#.#.#
##.#.#.###


You could see a centaur warrior.

Vanquished Creatures
  Gastronok (D:10)
  A hydra (D:11)
  Harold (D:8)
  3 two-headed ogres
  Nergalle (D:10)
  Pikel (D:5)
  An ugly thing (D:10)
  A manticore (D:11)
  A gargoyle (D:11)
  2 trolls
  Prince Ribbit (D:8)
  6 yaks
  2 wraiths
  2 steam dragons (D:8)
  3 vampire mosquitoes (D:14)
  A water moccasin (D:6)
  5 orc warriors
  3 sky beasts
  4 ogres
  2 black bears (D:4)
  2 necrophages
  2 centaurs (D:10)
  A lemure (D:5)
  A phantom (D:5)
  4 bullfrogs
  A gnoll sergeant (D:7)
  A scorpion (D:6)
  11 killer bees
  5 howler monkeys
  A bullfrog zombie (D:7)
  4 centaur zombies
  2 hounds
  A centaur skeleton (D:2)
  2 bullfrog skeletons
  2 orc priests
  A jelly (D:8)
  3 iguanas
  9 orc wizards
  A killer bee zombie (D:7)
  2 hound skeletons
  A howler monkey zombie (D:5)
  Robin (D:3)
  8 gnolls
  13 adders
  A howler monkey skeleton (D:4)
  3 river rats (D:4)
  2 ufetubi (D:6)
  An adder skeleton (D:4)
  3 worms (D:2)
  A dart slug (D:4)
  45 orcs
  13 endoplasms
  11 giant cockroaches
  22 goblins
  12 hobgoblins
  4 jackals (D:4)
  17 quokkas
  19 ball pythons
  2 bats (D:1)
  11 frilled lizards
  8 kobolds
  9 rats
305 creatures vanquished.

Vanquished Creatures (others)
  A howler monkey (D:8)
  3 plants (D:2)
4 creatures vanquished.

Grand Total: 309 creatures vanquished

Notes
Turn   | Place    | Note
-------+----------+-------------------------------------------
     0 | D:1      | PublicAnimeNo1 the Draconian Conjurer began the quest for
                  | the Orb.
     0 | D:1      | Reached XP level 1. HP: 14/14 MP: 3/3
   235 | D:1      | Reached XP level 2. HP: 22/22 MP: 3/5
   367 | D:1      | Learned a level 2 spell: Searing Ray
   815 | D:1      | Reached skill level 1 in Fighting
  1238 | D:1      | Reached XP level 3. HP: 27/28 MP: 4/6
  1383 | D:2      | Reached XP level 4. HP: 35/36 MP: 1/7
  1821 | D:2      | Reached skill level 5 in Conjurations
  1842 | D:2      | Found a faded altar of an unknown god.
  2078 | D:2      | Found a runed translucent door.
  2079 | D:2      | Noticed Crazy Yiuf
  2574 | D:3      | Reached XP level 5. HP: 41/41 MP: 6/9
  2756 | D:3      | Noticed Robin
  2914 | D:3      | Killed Robin
  3280 | D:4      | Noticed a black bear
  3294 | D:4      | Killed a black bear
  3295 | D:4      | Reached XP level 6. HP: 48/51 MP: 4/10
  3317 | D:4      | Reached skill level 6 in Conjurations
  3562 | D:4      | Found a glowing drain.
  3612 | Sewer    | Entered a sewer
  4903 | Sewer    | Your scales start taking on a pale cyan-grey colour.
  4903 | Sewer    | Reached XP level 7. HP: 58/58 MP: 6/12
  4903 | Sewer    | Gained mutation: You are immune to the effects of steam.
                  | [Pale Draconian growth]
  5179 | D:4      | Reached skill level 7 in Conjurations
  5572 | D:5      | Entered Level 5 of the Dungeon
  5826 | D:5      | Identified the +2 leather armour of Yzock {Int+4}
  6268 | D:5      | Reached XP level 8. HP: 67/67 MP: 2/14
  6448 | D:5      | Learned a level 2 spell: Blink
  6517 | D:5      | Found a staircase to the Ecumenical Temple.
  6694 | Temple   | Entered the Ecumenical Temple
  6830 | Temple   | Became a worshipper of Vehumet
  6899 | D:5      | Noticed Pikel
  6909 | D:5      | Killed Pikel
  6910 | D:5      | Reached skill level 5 in Fighting
  6910 | D:5      | Reached skill level 5 in Spellcasting
  6910 | D:5      | Reached skill level 8 in Conjurations
  6910 | D:5      | Reached skill level 1 in Translocations
  7530 | D:6      | Reached skill level 9 in Conjurations
  7592 | D:6      | Found a white marble altar of Elyvilon.
  7592 | D:6      | Found a shimmering altar of Xom.
  7620 | D:6      | Found a faded altar of an unknown god.
  7622 | D:6      | Found a sacrificial altar of Ru.
  7624 | D:6      | Found a faded altar of an unknown god.
  7629 | D:6      | Reached XP level 9. HP: 75/75 MP: 11/17
  8143 | D:6      | Reached skill level 1 in Evocations
  8296 | D:7      | Reached * piety under Vehumet
  8296 | D:7      | Offered knowledge of Shock by Vehumet.
  8420 | D:6      | Learned a level 4 spell: Iskenderun's Mystic Blast
  9363 | D:8      | Found a staircase to the Lair.
  9387 | D:8      | Found an iron altar of Okawaru.
  9567 | D:8      | Noticed Harold
  9575 | D:8      | Learned a level 5 spell: Lightning Bolt
  9715 | D:8      | Noticed a two-headed ogre
  9769 | D:8      | Killed Harold
 10071 | D:8      | Killed a two-headed ogre
 10072 | D:8      | Reached XP level 10. HP: 60/83 MP: 9/19
 10381 | D:8      | Reached skill level 10 in Conjurations
 10580 | D:8      | Noticed Prince Ribbit
 10583 | D:8      | Killed Prince Ribbit
 11737 | D:9      | Reached skill level 5 in Stealth
 11737 | D:9      | Reached skill level 5 in Evocations
 11944 | D:9      | Offered knowledge of Poisonous Vapours by Vehumet.
 12045 | D:9      | Reached ** piety under Vehumet
 12142 | D:9      | Reached skill level 1 in Air Magic
 12286 | D:9      | Reached skill level 5 in Dodging
 12752 | D:10     | Entered Level 10 of the Dungeon
 12907 | D:10     | Noticed Gastronok
 13219 | D:10     | Noticed a two-headed ogre
 13450 | D:10     | Killed Gastronok
 13451 | D:10     | Reached XP level 11. HP: 51/91 MP: 3/22
 13636 | D:10     | Killed a two-headed ogre
 13739 | D:10     | Noticed a purple ugly thing
 13749 | D:10     | Noticed Nergalle
 13758 | D:10     | Killed a purple ugly thing
 13768 | D:10     | Killed Nergalle
 14696 | D:11     | Reached skill level 11 in Conjurations
 14810 | D:11     | Learned a level 2 spell: Poisonous Vapours
 14837 | D:11     | Noticed a five-headed hydra
 14852 | D:11     | Killed a five-headed hydra
 14934 | D:11     | You fall into a shaft and drop 3 floors!
 15112 | D:13     | Noticed a two-headed ogre
 15118 | D:13     | Killed a two-headed ogre
 15134 | D:13     | You fall into a shaft and drop 1 floor!
 15151 | D:14     | Offered knowledge of Conjure Flame by Vehumet.
 15227 | D:14     | Noticed a centaur warrior
 15241 | D:14     | HP: 2/94 [centaur warrior/arrow (6)]
 15242 | D:14     | Gained mutation: You are robust. (+10% HP) [potion of
                  | mutation]
 15242 | D:14     | Gained mutation: Your magical capacity is low. (-10% MP)
                  | [potion of mutation]
 15242 | D:14     | Shot with an arrow by a centaur warrior

Illustrated notes

Levels and vault maps discovered:
D:1:      dpeg_arrival_shelter, layout_basic, minmay_tiny_reverse_x
D:2:      kennysheep_the_goblin_king, layout_rooms,
          ebering_ecumenical_altar_sacrificial, minmay_shallow_snake_nest,
          uniq_crazy_yiuf_cottage
D:3:      layout_rooms, minmay_misc_feat_four_crosses,
          kennysheep_generic_room_9, uniq_robin
D:4:      layout_loops_ring, portal_sewer_entry_e, nicolae_figureground_pulse
D:5:      layout_loops_ring, minmay_temple_entry_offerings, uniq_pikel
D:6:      layout_gridville, chequers_temple_overflow_minitemple,
          minmay_starry_boxes
D:7:      layout_loops_cross
D:8:      layout_layer_cave, kennysheep_okawaru_gauntlet, lair_entry_dummy,
          uniq_prince_ribbit1, uniq_harold
D:9:      layout_grid_maze, special_room [special_room_orc]
D:10:     layout_basic, kennysheep_small_square, uniq_nergalle, uniq_gastronok
D:11:     layout_basic, enter_trove_0
D:12:     layout_basic, kennysheep_orc_monster_closet_entryway, serial_shops,
          nicolae_shop_trees, minivault_10
D:13:     layout_cave_pods, ximxim_vaults_locker_room,
          nicolae_qazlal_style_of_elements, uniq_erolcha, uniq_maurice
D:14:     layout_irregular_city, serial_co_window_serial, co_window_corner_a,
          co_window_paths_a, co_window_paths_a, co_window_paths_a,
          co_window_of_opportunity_a, co_window_paths_a, co_window_paths_a,
          co_window_corner_a, co_window_paths_a, co_window_corner_ca,
          co_window_paths_c, co_window_of_opportunity_b, co_window_paths_c,
          co_window_corner_ca, co_window_paths_c, co_window_paths_c,
          glass_columns_c, glass_columns_a, glass_columns_c, glass_columns_a,
          glass_columns_a
Temple:   mainiacjoe_temple_coin_purse

Skill      XL: |  1  2  3  4  5  6  7  8  9 10 11 |
---------------+----------------------------------+-----
Fighting       | 1 2 3 4 5 6 7 |  7.9
Conjurations   | 5 6 7 9 10 11 | 11.2
Spellcasting   | 3 4 5 6 7 8 |  8.2
Translocations | 2 |  2.8
Dodging        | 4 5 6 |  6.4
Stealth        | 4 5 |  5.0
Evocations     | 4 5 |  5.0
Air Magic      | 2 4 |  4.8

Action                   |  1- 3 |  4- 6 |  7- 9 | 10-12 || total
-------------------------+-------+-------+-------+-------++-------
Melee: Unarmed           |     1 |       |       |       ||     1
       Whip              |    10 |    31 |       |       ||    41
       Short sword       |     2 |       |       |       ||     2
       Tailslap          |       |    10 |     3 |     2 ||    15
       Staff             |       |    37 |    52 |    55 ||   144
 Cast: Magic Dart        |    48 |   136 |   120 |    64 ||   368
       Searing Ray       |     2 |    14 |    28 |    19 ||    63
       Iskenderun's Myst |       |       |     1 |    16 ||    17
       Blink             |       |       |     1 |       ||     1
       Lightning Bolt    |       |       |       |     8 ||     8
 Abil: Breathe Steam     |       |       |    20 |    29 ||    49
Evoke: Wand              |       |       |     1 |     2 ||     3
  Use: Scroll            |       |     5 |     2 |    10 ||    17
       Potion            |       |       |       |     2 ||     2
 Stab: Sleeping          |     1 |       |       |       ||     1
Armor: Skin              |    15 |    32 |    47 |    46 ||   140
Dodge: Dodged            |    22 |    58 |    87 |   131 ||   298

Table legend: (Time is in decaauts)
 A = Elapsed time spent in this place.
 B = Non-inter-level travel time spent in this place.
 C = Inter-level travel time spent in this place.
 D = Time resting spent in this place.
 E = Time spent auto-exploring this place.
 F = Levels seen in this place.
 G = Mean time per level.
                   A        B        C        D        E       F      G
               +--------+--------+--------+--------+--------+-----+--------+
         Total |  15359 |  15010 |    349 |   4581 |   8287 |  16 |  959.9 |
       Dungeon |  13832 |  13493 |    339 |   3857 |   7765 |  14 |  988.0 |
        Temple |    145 |    136 |      9 |      0 |     74 |   1 |  145.0 |
         Sewer |   1381 |   1381 |      0 |    724 |    447 |   1 | 1381.0 |
               +--------+--------+--------+--------+--------+-----+--------+

Top non-repeatable levels by time:
     D:8: 2088 daAuts
    D:10: 1911 daAuts
     D:6: 1388 daAuts
     D:9: 1382 daAuts
   Sewer: 1381 daAuts
     D:5: 1301 daAuts
     D:1: 1245 daAuts
     D:2: 1178 daAuts
     D:4: 1113 daAuts
     D:7: 903 daAuts
     D:3: 745 daAuts
    D:11: 264 daAuts
    D:14: 237 daAuts
  Temple: 145 daAuts
    D:13: 69 daAuts
